 Dungeon Crawl Stone Soup version 0.26.1-2-gb8aa6d0cf2 (webtiles) character file.

Game seed: 728280236165585161

312 Gadfly the Gusty (level 6, 0/34 HPs)
             Began as a Tengu Air Elementalist on Feb 18, 2021.
             Was an Initiate of Vehumet.
             Killed by divine providence
             ... invoked by an orc priest
              (12 damage)
             ... on level 4 of the Dungeon.
             The game lasted 00:07:26 (4651 turns).

Gadfly the Gusty (Tengu Air Elementalist)           Turns: 4651, Time: 00:07:27

Health: 0/34       AC:  3    Str:  8    XL:     6   Next: 42%
Magic:  5/11       EV: 16    Int: 18    God:    Vehumet [......]
Gold:   176        SH:  0    Dex: 14    Spells: 1/11 levels left

rFire    . . .     SeeInvis .   b - +1 short sword (elec)
rCold    . . .     Faith    .   (no shield)
rNeg     . . .     Spirit   .   m - +0 robe
rPois    +         Reflect  .   (helmet restricted)
rElec    .         Harm     .   (no cloak)
rCorr    .         Rampage  .   t - +0 pair of gloves
Will     .....                  (boots unavailable)
Stlth    ++........             (no amulet)
HPRegen  0.11/turn              k - ring of poison resistance
MPRegen  0.12/turn              (no ring)

@: flying quickly and evasively, quick
A: beak, talons 3, able to fly
a: Stop Flying, Renounce Religion


You were on level 4 of the Dungeon.
You worshipped Vehumet.
Vehumet was noncommittal.
You visited 2 branches of the dungeon, and saw 5 of its levels.

You collected 246 gold pieces.
You spent 70 gold pieces at shops.

Inventory:

Hand Weapons
 a - a +1 dagger of venom
 b - a +1 short sword of electrocution (weapon)
 n - a cursed +0 war axe
 p - a +2 dagger of holy wrath
Armour
 m - a +0 robe (worn)
 t - a +0 pair of gloves (worn)
Jewellery
 k - a ring of poison resistance (left hand)
Wands
 v - a wand of enslavement (8)
Scrolls
 g - 2 scrolls of teleportation
 j - 2 scrolls of fog
 s - a scroll of identify
Potions
 c - a potion of curing
 d - a potion of brilliance {unknown}
 e - a potion of magic {unknown}
 f - a potion of lignification
 h - a potion of berserk rage {unknown}
 i - 2 potions of heal wounds
 l - a potion of ambrosia {unknown}
 o - a potion of mutation
 q - a potion of degeneration {unknown}
 r - a potion of resistance {unknown}
 u - a potion of might {unknown}


   Skills:
 + Level 1.4 Fighting
 * Level 3.4 Dodging
 - Level 2.0 Stealth
 * Level 3.0 Spellcasting
 * Level 3.5 Conjurations
 * Level 2.6 Summonings
 + Level 4.6 Air Magic
 * Level 2.3 Evocations


You had one spell level left.
You knew the following spells:

 Your Spells              Type           Power        Failure   Level
a - Shock                 Conj/Air       68%          3%          1
b - Swiftness             Air            19%          3%          2
c - Static Discharge      Conj/Air       17%          9%          3
d - Airstrike             Air            9%           24%         4

Your spell library contained the following spells:

 Spells                   Type           Power        Failure   Level
 Magic Dart               Conj           60%          3%          1
 Call Imp                 Summ           12%          9%          2
 Mephitic Cloud           Conj/Pois/Air  12%          16%         3
 Blink                    Tloc           N/A          24%         2
 Slow                     Hex            2%           24%         2
 Conjure Flame            Conj/Fire      9%           24%         3
 Lightning Bolt           Conj/Air       8%           63%         5


Dungeon Overview and Level Annotations

Branches:
Dungeon (4/15)             Temple (1/1) D:4

Altars:
Ashenzari
Cheibriados
Dithmenos
Elyvilon
Fedhas
Gozag
Hepliaklqana
Kikubaaqudgha
Makhleb
Nemelex Xobeh
Okawaru
Qazlal
Ru
Sif Muna
Trog
Uskayaw
Vehumet
Wu Jian
Yredelemnul
Zin
The Shining One

Shops:
D:4 ((!=


Innate Abilities, Weirdness & Mutations

You have a beak for a mouth.
You have claws for feet.
You can fly continuously.


Message History

Beogh smites you!
You hit the orc. Lightning courses through the orc!
You kill the orc!
Vehumet accepts your kill.
Things that are here:
a +0 mace; a +0 scale mail; an orc corpse You are too injured to fight recklessly!
Unknown command.
Okay, then.
Casting: Shock (safe; 3% risk of failure)
Confirm with . or Enter, or press ? or * to list all spells.
Aiming: Shock (safe; 3% risk of failure)
Press: ? - help, Shift-Dir - straight line, f - orc priest
Aim: an orc priest, wielding a +0 club and wearing a +0 chain mail (21% to evade)
The zap hits the orc but does no damage.
The zap hits the orc priest but does no damage.
The zap misses the orc.
The orc priest invokes the aid of Beogh against you.
Beogh smites you!
You die...

#..........
###.#######
######.# #.
#..#...# ##.
#..#.### ###..
#....#####...#
###........###
#####.........###.
#@)oo....###....).
##o###..#.#
#####.. #..#
#.##.# ##. #.##
#.##[. #. #.
#.###.. #. .. #.#
..# ## #.. ... ##
# #.. ... # #.. #


You could see an orc priest and 2 orcs.

Vanquished Creatures
  A phantom (D:4)
  An orc priest (D:3)
  An orc wizard (D:4)
  3 worker ants (D:4)
  3 adders
  A worm (D:2)
  A dart slug (D:1)
  A leopard gecko (D:3)
  11 orcs
  2 giant cockroaches (D:2)
  11 goblins
  9 hobgoblins
  A bat (D:2)
  3 frilled lizards
  7 kobolds
  6 rats
62 creatures vanquished.

Notes
Turn   | Place    | Note
-------+----------+-------------------------------------------
     0 | D:1      | Gadfly the Tengu Air Elementalist began the quest for the
                  | Orb.
     0 | D:1      | Reached XP level 1. HP: 10/10 MP: 4/4
   290 | D:1      | Reached XP level 2. HP: 15/15 MP: 6/6
   844 | D:2      | Learned a level 2 spell: Swiftness
  1199 | D:2      | Reached skill level 1 in Evocations
  1199 | D:2      | Reached XP level 3. HP: 6/19 MP: 2/7
  1541 | D:2      | Learned a level 3 spell: Static Discharge
  1601 | D:2      | Found a faded altar of an unknown god.
  1669 | D:2      | Reached skill level 1 in Summonings
  2150 | D:3      | Reached XP level 4. HP: 24/24 MP: 4/8
  3583 | D:4      | Found a staircase to the Ecumenical Temple.
  3583 | D:4      | Found Qamyugg's Jewellery Shoppe.
  3591 | Temple   | Entered the Ecumenical Temple
  3706 | Temple   | Became a worshipper of Vehumet
  3786 | D:4      | Found Wol Hoag's Distillery.
  3794 | D:4      | Bought a potion of heal wounds for 70 gold pieces
  3802 | D:4      | Reached skill level 1 in Fighting
  3802 | D:4      | Gained mutation: You can fly continuously. [Tengu growth]
  3802 | D:4      | Reached XP level 5. HP: 29/29 MP: 1/9
  3912 | D:4      | Found Uxkueg's Weapon Boutique.
  4393 | D:4      | Noticed a phantom
  4408 | D:4      | Killed a phantom
  4409 | D:4      | Reached XP level 6. HP: 26/34 MP: 9/11
  4414 | D:4      | Learned a level 4 spell: Airstrike
  4498 | D:4      | Found Vaggim's Weapon Shoppe.
  4651 | D:4      | Killed from afar by an orc priest

Illustrated notes

Levels and vault maps discovered:
D:1:      tarquinn_simple_flora_water_e, layout_rooms, serial_corexii_hall,
          chequers_hall_statues_wall_a, corexii_hall_statues_x,
          corexii_hall_statues_i, corexii_hall_statues_i,
          chequers_hall_statues_y, chequers_hall_statues_y, minmay_cut_off
D:2:      layout_loops_ring, chequers_ecumenical_altar_grove,
          minmay_goblin_outpost
D:3:      layout_loops_ring, st_stairs_14, hangedman_decor_opposing
D:4:      layout_rooms, minmay_temple_entry_offerings, serial_shops,
          kennysheep_mini_moat, shop, shop, shop, shop,
          nemelex_diamond_rough_becter
Temple:   kilobyte_greek_temple

Skill      XL: |  1  2  3  4  5  6 |
---------------+-------------------+-----
Conjurations   | 2 3 |  3.5
Evocations     | 1 2 |  2.3
Summonings     | 1 2 |  2.6
Fighting       | 1 |  1.4
Dodging        | 3 |  3.4
Spellcasting   | 3 |  3.0
Stealth        | |  2.0
Air Magic      | |  4.6

Action                   |  1- 3 |  4- 6 || total
-------------------------+-------+-------++-------
Melee: Dagger            |    38 |    13 ||    51
       Kick              |     9 |     4 ||    13
       Peck              |     3 |     4 ||     7
       Short sword       |     2 |    53 ||    55
 Cast: Shock             |    42 |    39 ||    81
 Abil: Fly               |       |     1 ||     1
  Use: Scroll            |     5 |     3 ||     8
       Potion            |     1 |     3 ||     4
 Stab: Sleeping          |     3 |     1 ||     4
Armor: Robe              |     9 |     4 ||    13
Dodge: Dodged            |    36 |    35 ||    71
